 Dungeon Crawl Stone Soup version 0.30-a0-802-gb92711bcdf (webtiles) character file.

Game seed: 2996285998511822222

12498 Lobster4 the Cudgeller (level 11, -8/104 HPs)
             Began as a Troll Gladiator on Feb 23, 2023.
             Was a Believer of Wu Jian.
             Mangled by a death knight
             ... wielding a +1 glaive
              (27 damage)
             ... on level 9 of the Dungeon.
             The game lasted 00:32:51 (10428 turns).

Lobster4 the Cudgeller (Troll Gladiator)           Turns: 10428, Time: 00:32:52

Health: -8/104     AC:  9    Str: 24    XL:     11   Next: 63%
Magic:  0/14       EV: 11    Int: 11    God:    Wu Jian [**....]
Gold:   256        SH:  0    Dex: 11    Spells: 15/16 levels left

rFire   + . .      SeeInvis .      - Unarmed
rCold   . . .      Faith    .    (no shield)
rNeg    . . .      Spirit   +    a - +0 robe
rPois   .          Reflect  .    b - +0 hat
rElec   .          Harm     .    K - +0 cloak "Joigoumm" {Int+3 Slay+3}
rCorr   .          Rampage  .    (gloves unavailable)
Will    .....                    (boots unavailable)
Stlth   +                        g - amulet of guardian spirit
HPRegen 1.17/turn                n - +4 ring of protection
MPRegen 0.14/turn                A - ring of protection from fire

@: very slightly contaminated, studying Shields
A: large, unfitting armour, claws 3, regeneration 1, shaggy fur 1, tough skin 1
a: Renounce Religion, Wall Jump


You were on level 9 of the Dungeon.
You worshipped Wu Jian.
Wu Jian was pleased with you.
You visited 2 branches of the dungeon, and saw 11 of its levels.
You also visited: Bailey.

You collected 712 gold pieces.
You spent 456 gold pieces at shops.

Inventory:

Hand Weapons
 e - a +0 whip of electrocution
 m - a +1 heavy giant spiked club
 r - the +4 giant club of Wounding {heavy, rPois rN+ rCorr Dex+3}
   (You acquired it in a bailey)

   Dex:       It affects your dexterity (+3).
   rPois:     It protects you from poison.
   rN:        It protects you from negative energy.
   rCorr:     It protects you from acid and corrosion.
 x - a +1 arbalest of draining
 y - a +3 morningstar
Missiles
 d - 11 large rocks
 i - 74 stones
 l - 7 poisoned darts
 u - 3 boomerangs (quivered)
 E - 6 atropa-tipped darts
 F - a boomerang of dispersal
Armour
 a - a +0 robe (worn)
 b - a +0 hat (worn)
 K - the +0 cloak "Joigoumm" (worn) {Int+3 Slay+3}
   (You bought it in a shop on level 10 of the Dungeon)

   Int:       It affects your intelligence (+3).
   Slay:      It affects your accuracy & damage with ranged weapons and melee
   (+3).
Magical Staves
 f - a staff of death
Jewellery
 g - an amulet of guardian spirit (around neck)
 n - a +4 ring of protection (left claw)
 A - a ring of protection from fire (right claw)
 D - a ring of see invisible
Wands
 h - a wand of roots (7)
 o - a wand of charming (14)
 z - a wand of flame (22)
Scrolls
 v - 4 scrolls of immolation
 G - a scroll of magic mapping
 J - a scroll of blinking
Potions
 j - 3 potions of lignification {unknown}
 k - 2 potions of brilliance
 p - a potion of invisibility {unknown}
 q - a potion of ambrosia {unknown}
 s - 3 potions of mutation {unknown}
 t - 3 potions of curing
 w - a potion of haste {unknown}
 B - a potion of berserk rage
 C - 2 potions of flight {unknown}
 H - a potion of magic


   Skills:
 + Level 5.6 Fighting
 + Level 7.7 Maces & Flails
 + Level 6.2 Throwing
 + Level 5.3 Armour
 + Level 6.0 Dodging
 + Level 7.3 Unarmed Combat
 - Level 3.0 Spellcasting
 + Level 3.6 Transmutations
 - Level 3.0 Evocations


You had 15 spell levels left.
You knew the following spells:

 Your Spells              Type           Power      Damage    Failure   Level
a - Beastly Appendage     Tmut           18%        N/A       6%          1

Your spell library contained the following spells:

 Spells                   Type           Power      Damage    Failure   Level
 Wereblood                Tmut           9%         N/A       9%          2
 Spider Form              Tmut/Pois      5%         N/A       36%         3
 Dazzling Flash           Conj/Hex       2%         N/A       61%         3
 Gell's Gravitas          Tloc           1%         N/A       61%         3
 Hailstorm                Conj/Ice       1%         3d3       61%         3
 Teleport Other           Tloc           1%         N/A       61%         3
 Ice Form                 Ice/Tmut       5%         N/A       77%         4
 Iskenderun's Mystic Bla  Conj/Tloc      1%         2d3       95%         4
 Dispersal                Tloc           0%         N/A       100%        6
 Simulacrum               Ice/Necr       0%         N/A       100%        6
 Starburst                Conj/Fire      0%         6d3       100%        6


Dungeon Overview and Level Annotations

Branches:
Dungeon (10/15)            Temple (1/1) D:7            Lair (0/5) D:8
    Orc (0/2) D:10         Bailey (visited)

Altars:
Ashenzari
Cheibriados
Dithmenos
Fedhas
Gozag
Hepliaklqana
Kikubaaqudgha
Makhleb
Nemelex Xobeh
Okawaru
Qazlal
Ru
Sif Muna
Trog
Uskayaw
Vehumet
Wu Jian
Xom
Yredelemnul
Zin
The Shining One

Shops:
D:2 (   D:10 [

Annotations:
D:8 1 exclusion
D:9 2 transporters


Innate Abilities, Weirdness & Mutations

You are too large for most types of armour.
You have claws for hands.
Your natural rate of healing is unusually fast.
You are covered in fur. (AC +1)
You have tough skin. (AC +1)


Message History

The death knight struggles against the net.
The death knight struggles against the net.
The death knight struggles against the net.
You claw the death knight!
You claw the death knight, but do no damage.
The death knight is lightly wounded.
Your horns disappear.
Your talons disappear.
Your +0 hat unmelds from your body.
The death knight struggles against the net.
You catch the helpless death knight completely off-guard!
You claw the death knight!
The death knight is moderately wounded.
The death knight struggles against the net.
You claw the death knight!
The death knight is moderately wounded.
The death knight struggles against the net.
The net rips apart, and the death knight comes free!
Casting: Beastly Appendage (safe; 6% risk of failure)
Confirm with . or Enter, or press ? or * to list all spells.
You miscast Beastly Appendage.
You are very lightly contaminated with residual magic.
Nothing appears to happen.
The death knight closely misses you.
You scratch the death knight.
The death knight is heavily wounded.
The death knight hits you with a +1 glaive!!
You scratch the death knight.
The death knight is heavily wounded.
The death knight hits you with a +1 glaive!
You claw the death knight! You claw the death knight.
The death knight is heavily wounded.
You closely miss the death knight.
The death knight is heavily wounded.
The death knight hits you with a +1 glaive!!
The death knight attacks as you move away!
The death knight hits you with a +1 glaive!!
The death knight hits you from afar with a +1 glaive!!
* * * LOW HITPOINT WARNING * * *
There is a stone staircase leading up here.
The death knight hits you from afar with a +1 glaive!!
You die...

# #.....########.......#####.##'#
##'##......................#...
####.##.##########..########.+...
.............).......[.># #..#...
####.#.....#.#####.####.####.##'#
......##.#)# #...............
#........#.#.##########.####.#.#.
#...................# #.# ###.##
#....####T####.#@##.# #.# #.#
.... ....p..#.#..#.# #.# #.# ...
#.......#.#p.#.# #.# #.#.
..u..#.......#T.#.#.# #.# #...
.........8........#.##..# ###
...#.#.......#.####....# ...#
.......#.......### ...#
.......#.###...# ####
###.####.......#


You could see a death knight.

Vanquished Creatures
  2 boulder beetles (D:9)
  An orc knight (Bailey)
  2 ugly things
  A cyclops (D:9)
  Maurice (D:8)
  A gargoyle (D:6)
  An unseen horror (D:10)
  A rime drake (D:8)
  2 freezing wraiths (D:9)
  A tengu conjurer (D:9)
  2 polar bears (D:8)
  3 meliai (D:10)
  A hornet (D:10)
  2 trolls
  Sigmund (D:3)
  10 yaks
  2 steam dragons
  Duvessa (D:5)
  9 orc warriors
  4 ice beasts
  2 black bears
  An ogre (D:5)
  3 centaurs
  3 wolves (D:8)
  A phantom (D:4)
  2 bullfrogs
  2 necrophages
  2 scorpions
  8 wights
  Dowan (D:5)
  5 killer bees (D:10)
  A howler monkey (D:6)
  A hound (D:3)
  3 orc priests
  3 jellies
  3 gnoll boudas (D:5)
  6 orc wizards
  14 gnolls
  6 adders
  An ufetubus (D:6)
  A worm (D:2)
  A dart slug (D:1)
  46 orcs
  2 bats
  3 endoplasms
  2 giant cockroaches
  10 goblins
  3 hobgoblins
  6 quokkas
  3 ball pythons
  A frilled lizard (D:3)
  5 kobolds
  4 rats
203 creatures vanquished.

Vanquished Creatures (collateral kills)
  An orc knight (Bailey)
  2 orcs (D:7)
3 creatures vanquished.

Vanquished Creatures (others)
  A centaur warrior (D:9)
1 creature vanquished.

Grand Total: 207 creatures vanquished

Notes
Turn   | Place    | Note
-------+----------+-------------------------------------------
     0 | D:1      | Lobster4 the Troll Gladiator began the quest for the Orb.
     0 | D:1      | Reached XP level 1. HP: 19/19 MP: 0/0
   309 | D:1      | Reached XP level 2. HP: 28/28 MP: 1/1
   832 | D:2      | Reached XP level 3. HP: 30/35 MP: 2/2
   882 | D:2      | Found a bloodstained altar of Trog.
  1199 | D:2      | Reached skill level 1 in Armour
  1204 | D:2      | Reached skill level 1 in Maces & Flails
  1204 | D:2      | Reached XP level 4. HP: 37/42 MP: 3/3
  1270 | D:2      | Found Toriziwn's Antique Weapon Shoppe.
  1749 | D:3      | Noticed Sigmund
  1821 | D:3      | Reached XP level 5. HP: 43/49 MP: 4/4
  2223 | D:3      | Killed Sigmund
  2224 | D:3      | Reached XP level 6. HP: 48/59 MP: 5/5
  3192 | D:4      | Found a sparkling altar of Nemelex Xobeh.
  3363 | D:5      | Entered Level 5 of the Dungeon
  3368 | D:5      | Reached XP level 7. HP: 66/66 MP: 6/6
  3638 | D:5      | Reached skill level 1 in Evocations
  3871 | D:5      | Found a glowing silver altar of Zin.
  3992 | D:5      | Noticed Dowan
  3993 | D:5      | Noticed Duvessa
  4074 | D:5      | Killed Duvessa
  4694 | D:5      | Killed Dowan
  4746 | D:5      | Found a glowing silver altar of Zin.
  5281 | D:6      | Learned a level 1 spell: Beastly Appendage
  5293 | D:6      | Reached XP level 8. HP: 74/75 MP: 7/7
  5305 | D:6      | Found a basalt altar of Yredelemnul.
  5582 | D:6      | Found a stormy altar of Qazlal.
  5591 | D:6      | Noticed an air elemental
  5622 | D:6      | Found a burning altar of Makhleb.
  5628 | D:6      | Found a snail-covered altar of Cheibriados.
  5683 | D:6      | Noticed a +0 hand axe
  5683 | D:6      | Noticed a +0 hand axe
  5691 | D:6      | Found a hide-covered altar of Uskayaw.
  5810 | D:6      | Noticed a gargoyle
  5817 | D:6      | Killed a gargoyle
  5818 | D:6      | Reached skill level 5 in Unarmed Combat
  5818 | D:6      | Reached skill level 1 in Transmutations
  5910 | D:6      | Reached skill level 1 in Spellcasting
  6112 | D:7      | Reached XP level 9. HP: 73/84 MP: 9/9
  6161 | D:7      | Found a staircase to the Ecumenical Temple.
  6166 | Temple   | Entered the Ecumenical Temple
  6350 | Temple   | Became a worshipper of the Wu Jian Council
  6409 | D:7      | Found a flagged portal.
  6414 | Bailey   | Entered a bailey
  6707 | Bailey   | Reached * piety under Wu Jian
  6753 | Bailey   | Noticed an orc knight
  6753 | Bailey   | Noticed an orc knight
  6801 | Bailey   | Killed an orc knight
  6802 | Bailey   | Reached skill level 5 in Maces & Flails
  6833 | Bailey   | Killed an orc knight
  6921 | Bailey   | Acquired the +4 giant club of Wounding {heavy, rPois rN+
                  | rCorr Dex+3}
  6960 | D:7      | Found an iron altar of Okawaru.
  7016 | D:7      | Reached XP level 10. HP: 50/94 MP: 11/11
  7331 | D:7      | Found an opulent altar of Gozag.
  7469 | D:7      | Reached skill level 5 in Throwing
  7545 | D:7      | Reached skill level 5 in Dodging
  7858 | D:8      | Found a radiant altar of Vehumet.
  8010 | D:8      | Found a staircase to the Lair.
  8194 | D:8      | Noticed Maurice
  8209 | D:8      | Killed Maurice
  8221 | D:8      | Found a glowing golden altar of the Shining One.
  8471 | D:8      | Reached skill level 5 in Fighting
  8568 | D:8      | Found a broken altar of Ashenzari.
  8572 | D:8      | Saw a vision of the Shoals and the Spider Nest.
  8572 | D:8      | Noticed a wolf spider
  8572 | D:8      | Noticed a steelbarb worm
  8572 | D:8      | Noticed an orb spider
  8572 | D:8      | Noticed a torpor snail
  8572 | D:8      | Noticed a sea snake
  8572 | D:8      | Noticed a merfolk impaler
  8572 | D:8      | Noticed a merfolk siren
  8572 | D:8      | Noticed a torpor snail
  8573 | D:8      | Noticed a radroach
  8573 | D:8      | Noticed a manticore
  8573 | D:8      | Noticed a sun moth
  8574 | D:8      | Noticed a demonic crawler
  9242 | D:9      | Noticed a centaur warrior
  9242 | D:9      | Noticed a boulder beetle
  9249 | D:9      | Noticed a death knight
  9252 | D:9      | Noticed a catoblepas
  9262 | D:9      | Noticed a boulder beetle
  9269 | D:10     | Entered Level 10 of the Dungeon
  9353 | D:10     | Reached ** piety under Wu Jian
  9354 | D:10     | Reached XP level 11. HP: 43/102 MP: 5/14
  9481 | D:10     | Noticed a red ugly thing
  9498 | D:10     | Killed a red ugly thing
  9645 | D:10     | Found a staircase to the Orcish Mines.
  9648 | D:10     | Found Fiomm's Armour Boutique.
  9656 | D:10     | Bought the +0 cloak "Joigoumm" {Int+3 Slay+3} for 456 gold
                  | pieces
  9678 | D:10     | Paralysed by a hornet for 1 turns
  9946 | D:9      | Found a transporter.
  9952 | D:9      | Found a transporter.
  9957 | D:9      | Noticed a brown ugly thing
  9971 | D:9      | Killed a brown ugly thing
 10135 | D:9      | Killed a boulder beetle
 10136 | D:9      | Reached skill level 5 in Armour
 10223 | D:9      | Killed a boulder beetle
 10428 | D:9      | Mangled by a death knight

Illustrated notes

Levels and vault maps discovered:
D:1:      saegor_arrival_simple_a, layout_basic, minmay_misc_feat_alley
D:2:      layout_basic, basic_altar, serial_shops,
          nicolae_shop_temple_entry_statues_fountains, minivault_24,
          nrook_campfire, minmay_misc_feat_room
D:3:      layout_loops_ring, amethyst_killhole, dk_vineyard_1, uniq_sigmund
D:4:      layout_cave_pods, nemelex_spade_bored_becter,
          kennysheep_generic_room_14
D:5:      layout_cave_pods, lemuel_tele_altar, uniq_duvessa
D:6:      layout_gridville, dancing_weapons_uskayaw,
          nicolae_qazlal_style_of_elements, mainiacjoe_overflow_cross_hatched,
          mainiacjoe_overflow_catwalk_spiral, columned_hall_lemuel
D:7:      layout_basic, okawaru_trees_2, general_overflow_altar,
          minmay_temple_entry_glassed_door, enter_bailey_3
D:8:      layout_basic, grunt_ashenzari_visionary
          [grunt_ashenzari_visionary_shoals, grunt_ashenzari_visionary_spider],
          mainiacjoe_overflow_brackets, fiery_altar_vehumet,
          hellmonk_lair_entry_icy, serial_curves, eino_curves_01,
          eino_curves_01, uniq_maurice
D:9:      layout_basic, gammafunk_ghost_stat_death, minmay_misc_feat_doors,
          chequers_hall_statues_y, minivault_28
D:10:     layout_loops_ring, mainiacjoe_overflow_chevrons, orc_david_3,
          minmay_between
Temple:   nicolae_temple_bog_church

Skill      XL: |  1  2  3  4  5  6  7  8  9 10 11 |
---------------+----------------------------------+-----
Throwing       | 2 3 4 5 6 |  6.2
Fighting       | 2 3 4 5 |  5.6
Armour         | 1 2 3 4 5 |  5.3
Maces & Flails | 1 2 3 4 5 7 |  7.7
Dodging        | 3 4 5 6 |  6.0
Unarmed Combat | 4 5 6 7 |  7.3
Evocations     | 1 2 3 |  3.0
Transmutations | 1 2 3 |  3.6
Spellcasting   | 1 2 3 |  3.0

Action                     |  1- 3 |  4- 6 |  7- 9 | 10-12 || total
---------------------------+-------+-------+-------+-------++-------
  Melee: Unarmed           |    58 |   121 |   241 |   294 ||   714
         Punch             |       |     1 |     9 |    13 ||    23
         Kick              |       |       |     2 |    35 ||    37
         Headbutt          |       |       |     1 |    33 ||    34
  Throw: Stone             |     3 |    15 |       |       ||    18
         Dart              |       |     2 |    42 |    36 ||    80
         Large rock        |       |     1 |    10 |    10 ||    21
         Boomerang         |       |       |     8 |    19 ||    27
         Throwing net      |       |       |     4 |     3 ||     7
   Cast: Beastly Appendage |       |       |     2 |    18 ||    20
Ability: Lunge             |       |       |    16 |    18 ||    34
         Whirlwind         |       |       |       |     2 ||     2
  Evoke: Wand              |       |       |     2 |     4 ||     6
    Use: Scroll            |     5 |     1 |    10 |     6 ||    22
         Potion            |     1 |       |       |     1 ||     2
   Stab: Sleeping          |     1 |     2 |     1 |     1 ||     5
         Held in net/web   |       |       |     1 |     3 ||     4
         Betrayed ally     |       |       |     1 |       ||     1
 Armour: Robe              |     7 |    31 |    77 |    93 ||   208
  Dodge: Dodged            |    25 |    52 |   146 |   130 ||   353

Table legend: (Time is in decaauts)
 A = Elapsed time spent in this place.
 B = Non-inter-level travel time spent in this place.
 C = Inter-level travel time spent in this place.
 D = Time resting spent in this place.
 E = Time spent auto-exploring this place.
 F = Levels seen in this place.
 G = Mean time per level.
                   A        B        C        D        E       F      G
               +--------+--------+--------+--------+--------+-----+--------+
         Total |  10368 |   9907 |    461 |    480 |   7217 |  12 |  864.0 |
       Dungeon |   9669 |   9232 |    437 |    411 |   7027 |  10 |  966.9 |
        Temple |    193 |    169 |     24 |      0 |    160 |   1 |  193.0 |
        Bailey |    505 |    505 |      0 |     69 |     30 |   1 |  505.0 |
               +--------+--------+--------+--------+--------+-----+--------+

Top non-repeatable levels by time:
     D:5: 1904 daAuts
     D:8: 1234 daAuts
     D:2: 1095 daAuts
     D:7: 984 daAuts
     D:6: 830 daAuts
     D:3: 806 daAuts
     D:4: 766 daAuts
     D:1: 691 daAuts
     D:9: 690 daAuts
    D:10: 665 daAuts
  Bailey: 505 daAuts
  Temple: 193 daAuts
